 Dungeon Crawl Stone Soup version 0.30-a0-374-g95c0257040 (webtiles) character file.

Game seed: 5433541476021079627

16806 kae the Transmogrifier (level 12, -2/115 HPs)
             Began as a White Draconian Transmuter on Nov 25, 2022.
             Was a Believer of Ru.
             Slain by a minotaur
             ... wielding a +0 quarterstaff
              (13 damage)
             ... in a Gauntlet.
             The game lasted 00:16:06 (12745 turns).

kae the Transmogrifier (DrTm)                      Turns: 12745, Time: 00:16:06

Health: -2/115     AC: 11    Str: 17    XL:     12   Next: 13%
Magic:  19/22      EV: 13    Int: 23    God:    Ru [**....]
Gold:   1249       SH:  0    Dex: 19    Spells: 8/25 levels left

rFire   x . .      SeeInvis .      - Unarmed
rCold   + + +      Faith    .    (shield currently unavailable)
rNeg    . . .      Spirit   .    (body armour unavailable)
rPois   +          Reflect  .    (helmet currently unavailable)
rElec   .          Harm     .    (cloak currently unavailable)
rCorr   .          Rampage  .    (gloves currently unavailable)
Will    .....      NoTele   +    (boots currently unavailable)
Stlth   ++........               z - amulet of Paranoia {Regen+ Str+4}
HPRegen 1.19/turn                I - +6 ring of intelligence
MPRegen 0.18/turn                D - +6 ring of dexterity

@: ice-form
A: freezing attack, amphibious, boosted hp, (breathe frost), AC +8, large,
unfitting armour, (cold resistance 1), (cold-blooded), inability to use devices
a: End Transformation, Renounce Religion


You were in a Gauntlet.
You worshipped Ru.
Ru was pleased with you.
You were a creature of crystalline ice.
You visited 3 branches of the dungeon, and saw 13 of its levels.
You also visited: Gauntlet.

You collected 1689 gold pieces.
You spent 440 gold pieces at shops.


Innate Abilities, Weirdness & Mutations

You are a creature of crystalline ice.
You have a powerful freezing melee attack.
You are amphibious.
Your maximum health is increased.
Your armour is entirely melded.
You are incapable of wielding weapons or throwing items.
((You can breathe waves of freezing cold which knock back foes.))
((Your icy white scales are hard. (AC +8)))
You cannot fit into any form of body armour.
((Your flesh is cold resistant. (rC+)))
((You are cold-blooded and may be slowed by cold attacks.))
You cannot study or use magical devices.


   Skills:
 + Level 6.2 Fighting
 + Level 5.4 Dodging
 * Level 10.0 Unarmed Combat
 + Level 7.2 Spellcasting
 * Level 11.1 Transmutations
 - Level 7.3 Ice Magic
 * Level 5.8 Air Magic
 - Level 0.4 Poison Magic


You had 8 spell levels left.
You knew the following spells:

 Your Spells              Type           Power      Damage    Failure   Level
a - Beastly Appendage     Tmut           100%       N/A       1%          1
b - Wereblood             Tmut           56%        N/A       1%          2
c - Spider Form           Tmut/Pois      34%        N/A       2%          3
d - Ice Form              Ice/Tmut       50%        N/A       1%          4
e - Storm Form            Tmut/Air       23%        N/A       89%         7

Your spell library contained the following spells:

 Spells                   Type           Power      Damage    Failure   Level
 Frozen Ramparts          Ice            84%        1d13      1%          3
 Ensorcelled Hibernation  Hex/Ice        50%        N/A       2%          2
 Poisonous Vapours        Pois/Air       44%        N/A       3%          2
 Static Discharge         Conj/Air       42%        2-4/arc   3%          2
 Cigotuvi's Dreadful Rot  Necr/Pois/Air  34%        N/A       4%          2
 Vhi's Electric Charge    Tloc/Air       42%        N/A       7%          3
 Kiss of Death            Conj/Necr      32%        2d7       8%          1
 Magic Dart               Conj           32%        1d4       8%          1
 Mephitic Cloud           Conj/Pois/Air  17%        N/A       10%         3
 Blink                    Tloc           16%        N/A       12%         2
 Call Imp                 Summ           8%         N/A       12%         2
 Scorch                   Fire           16%        2d6       12%         2
 Summon Ice Beast         Ice/Summ       25%        N/A       17%         4
 Vampiric Draining        Necr           8%         2d6       22%         3
 Summon Lightning Spire   Summ/Air       21%        N/A       22%         4
 Arcjolt                  Conj/Air       10%        1d20      54%         5
 Lightning Bolt           Conj/Air       10%        1d23      54%         5
 Anguish                  Hex/Necr       4%         N/A       58%         4
 Dispel Undead            Necr           8%         3d8       58%         4
 Flame Wave               Conj/Fire      8%         2d5       58%         4
 Manifold Assault         Tloc           8%         N/A       58%         4
 Summon Forest            Summ/Tloc      4%         N/A       91%         5
 Summon Mana Viper        Hex/Summ       8%         N/A       91%         5
 Iron Shot                Conj/Erth      4%         9d2       100%        6
 Summon Cactus Giant      Summ           4%         N/A       100%        6
 Maxwell's Capacitive Co  Air            17%        ∞         100%        8

Inventory:

Missiles
 e - 115 stones
 m - 2 throwing nets {=f!f}
 o - 3 boomerangs
 r - 26 poisoned darts
 v - 3 atropa-tipped darts
Armour
 x - a +0 cloak (melded)
   (You took it off Crazy Yiuf on level 5 of the Dungeon)
 H - a +2 pair of gloves of stealth
   (You found it in a Gauntlet)
Jewellery
 g - an amulet of regeneration
   (You found it on level 4 of the Dungeon)
 j - an amulet of reflection
   (You found it on level 1 of the Dungeon)
 y - an amulet of magic regeneration
   (You found it on level 9 of the Dungeon)
 z - the amulet of Paranoia (around neck) {Regen+ Str+4}
   (You found it on level 7 of the Dungeon)

   [amulet of regeneration]

   Str:       It affects your strength (+4).
   Regen:     It increases your rate of health regeneration.
 D - a +6 ring of dexterity (right front paw)
   (You found it on level 4 of the Dungeon)
 F - a ring of protection from fire
   (You found it on level 8 of the Dungeon)
 I - a +6 ring of intelligence (left front paw)
   (You found it on level 2 of the Dungeon)
 N - a ring of positive energy
   (You found it on level 8 of the Dungeon)
Scrolls
 c - 5 scrolls of magic mapping {!r}
 k - 4 scrolls of enchant weapon
 p - a scroll of poison {!r}
 q - a scroll of vulnerability {!r!r}
 s - 3 scrolls of immolation {!r!r}
 t - 2 scrolls of torment {!r}
 u - 6 scrolls of teleportation {@r4}
 A - a scroll of butterflies
 B - 6 scrolls of identify {@r1}
 E - a scroll of noise {!r}
 G - a scroll of summoning
Potions
 a - 3 potions of lignification {!q}
 b - a potion of cancellation
 d - 5 potions of might
 f - a potion of brilliance
 h - 2 potions of flight
 i - 8 potions of curing {@q1}
 n - 5 potions of attraction {!q}
 w - 2 potions of invisibility
 C - 2 potions of berserk rage {!q}

Dungeon Overview and Level Annotations

Branches:
Dungeon (11/15) Zot: 25888  Temple (1/1) D:6 Zot: 5907    Lair (1/5) D:11 Zot: 5888
    Orc (0/2) D:9         Gauntlet (1/1) Zot: 5528

Altars:
Ashenzari
Cheibriados
Dithmenos
Elyvilon
Fedhas
Gozag
Hepliaklqana
Kikubaaqudgha
Makhleb
Nemelex Xobeh
Okawaru
Qazlal
Ru
Sif Muna
Trog
Uskayaw
Vehumet
Wu Jian
Xom
Yredelemnul
Zin
The Shining One

Shops:
D:5 :   D:10 [

Annotations:
D:5 1 runed translucent door
D:11 2 transporters, exclusion: orc knight, decrepitude's ghost, journeyman DsMo Gauntlet 6 transporters, 16 runed translucent doors, exclusion: oklob plant

#≈..###○ #########
####..#..#
####.##....##..##§..#°.#
#....##.##.....###..#©#.
##.##....##.##..##§..#|#°
#..##.##....##..###..#R##
#....##.##.......#..##.^
#.##....##.##...©#..####
#. ####Y...##....#.∩....
# #∩...H.##.......#......
######.##.##...©#..####
#....##....#..#...
#.##.....###..#.##
...##.##..##≈..#..#
.##....##..###..#...
#.##.....##≈..#©.. .
#.##..###..#...


You could see a minotaur.


Message History

The quicksilver ooze hits you.
You feel your power leaking away.
You redirect the quicksilver ooze's attack!
The quicksilver ooze closely misses itself. x2 😕 HP[-5] MP[-10]
You take 5 damage, and now have 93/115 hp.
You lost 10 mp, and now have 8/22 mp.
You hit the quicksilver ooze. You freeze the quicksilver ooze.
The quicksilver ooze barely misses you. The quicksilver ooze hits you.
You feel your power leaking away. 😕 MP[-8]
You lost 8 mp, and now have 0/22 mp.
You hit the quicksilver ooze. You freeze the quicksilver ooze.
The quicksilver ooze closely misses you.
The quicksilver ooze hits you. 😕 HP[-3]
You take 3 damage, and now have 90/115 hp.
You punch the quicksilver ooze! You freeze the quicksilver ooze.
The quicksilver ooze hits you.
The quicksilver ooze closely misses you.
The quicksilver ooze hits you.
The quicksilver ooze hits you but does no damage.
Unknown command.
You pummel the quicksilver ooze!! You freeze the quicksilver ooze.
You kill the quicksilver ooze!
The ooze engulfing you falls away.
Your Unarmed Combat skill increases to level 10! 😕 HP[+1] Unknown command.
Unknown command.
Unknown command.
Key pressed, stopping explore.
Key pressed, stopping explore.
Unknown command. 😎 HP[+24] MP[+14]
Your hp is fully restored (115).
You regained 14 mp, and now have 14/22 mp.
Your transformation is almost over.
You warm up again.
Your +0 cloak unmelds from your body.
Key pressed, stopping explore.
You see here the +0 helmet of Muesim {Will+}. 😎 HP[-19] MP[+8]
You now have 96 max hp (-19).
Your mp is fully restored (22).
Unknown command.
You now have 1228 gold pieces (gained 11).
There is a transporter here.
You now have 1249 gold pieces (gained 21).
There is a transporter here.
You see here the +0 helmet of Muesim {Will+}.
There is a transporter here.
You enter the transporter and appear at another place.
As you read the scroll of identify {@r1}, it crumbles to dust.
G - a scroll of summoning
Okay, then.
You open the door.
A minotaur comes into view.
It is wielding a +0 quarterstaff and quivering silver javelins.
The minotaur bellows!
Found a robe.
Found a gate leading back out of this place.
Unknown command.
Casting: Ice Form (mildly dangerous; 1% risk of failure)
Confirm with . or Enter, or press ? or * to list all spells.
You turn into a creature of crystalline ice.
Your +0 cloak melds into your body.
The minotaur hits you with a +0 quarterstaff!!
The minotaur gores you! 😮 HP[-17] MP[-4]
You now have 115 max hp (+19).
You lost 4 mp, and now have 18/22 mp.
You hit the minotaur but do no damage.
The minotaur hits you with a +0 quarterstaff!!
* * * LOW HITPOINT WARNING * * *
The minotaur gores you!
* * * LOW HITPOINT WARNING * * *
😨 HP[-36]
You take 36 damage, and now have 43/115 hp.
MASSIVE DAMAGE!! (PAUSE)
You pummel the minotaur!! You freeze the minotaur!
The minotaur is stunned by your conviction and fails to attack. 😨 HP[+1]
You punch the minotaur! You freeze the minotaur.
The minotaur hits you with a +0 quarterstaff!!
* * * LOW HITPOINT WARNING * * *
The minotaur gores you.
* * * LOW HITPOINT WARNING * * *
😱 HP[-26]
You take 26 damage, and now have 18/115 hp.
MASSIVE DAMAGE!! (PAUSE)
Okay, then.
You feel much better.
The minotaur hits you with a +0 quarterstaff!!
* * * LOW HITPOINT WARNING * * *
The minotaur barely misses you. 😱 HP[-8] MP[+1]
You take 8 damage, and now have 10/115 hp.
Okay, then.
Okay, then.
You hit the minotaur but do no damage. The minotaur completely misses you.
The minotaur gores you!
You die...

Skill      XL: |  1  2  3  4  5  6  7  8  9 10 11 12 |
---------------+-------------------------------------+-----
Transmutations | 3 4 5 6 7 8 9 10 11 | 11.1
Spellcasting   | 3 4 5 6 7 |  7.2
Unarmed Combat | 4 5 7 8 9 10 | 10.0
Ice Magic      | 2 3 5 7 |  7.3
Dodging        | 3 4 5 |  5.4
Fighting       | 3 4 6 |  6.2
Air Magic      | 2 5 |  5.8
Poison Magic   | |  0.4

Action                   |  1- 3 |  4- 6 |  7- 9 | 10-12 || total
-------------------------+-------+-------+-------+-------++-------
Melee: Unarmed           |    73 |   131 |   369 |   349 ||   922
       Kick              |     7 |     2 |       |       ||     9
       Headbutt          |     4 |     1 |       |       ||     5
       Tailslap          |     6 |     3 |     1 |     4 ||    14
       Punch             |     2 |       |       |       ||     2
 Cast: Beastly Appendage |    12 |     1 |       |       ||    13
       Spider Form       |     2 |    13 |     4 |       ||    19
       Ice Form          |       |     3 |    39 |    32 ||    74
       Wereblood         |       |     1 |     6 |     8 ||    15
Invok: Sacrifice Artific |       |       |     1 |       ||     1
       Reject Sacrifices |       |       |       |     1 ||     1
 Abil: Breathe Frost     |       |       |     4 |     1 ||     5
       End Transformatio |       |       |     1 |       ||     1
  Use: Scroll            |     5 |     2 |    10 |     8 ||    25
       Potion            |       |       |       |     7 ||     7
 Stab: Sleeping          |     1 |       |     1 |       ||     2
       Invisible         |       |       |       |     9 ||     9
       Distracted        |       |       |       |     1 ||     1
Armor: Skin              |    21 |    26 |   108 |   124 ||   279
Dodge: Dodged            |    64 |    74 |   159 |   225 ||   522
Block: Other             |     9 |    23 |    72 |       ||   104
       Reflection        |       |     1 |     1 |       ||     2

Levels and vault maps discovered:
D:1:      lemuel_arrival_muddy, layout_basic
D:2:      cheibrodos_fertilizer, layout_rooms,
          shapermc_ecumenical_altar_mp_ritualfount
D:3:      layout_loops_ring, pdpol_wu_jian_five_deadly_venoms,
          minmay_overflow_temple_star_quad, minmay_statues_item,
          hangedman_decor_clover_reticule, hangedman_decor_peaks_small,
          uniq_grinder, uniq_ijyb
D:4:      old_forge, layout_loops_cross, tgw_sif, general_overflow_altar,
          uniq_natasha, uniq_duvessa
D:5:      lemuel_insect_pit, layout_basic, nicolae_yredelemnul_corpse_copse,
          nemelex_altar_shiori, serial_shops, nicolae_shop_waterfront,
          minmay_ogre_servants, uniq_crazy_yiuf_cottage
D:6:      layout_loops_ring, minmay_temple_entry_offerings, lightli_orcish_oven
D:7:      layout_layer_cave, uniq_prince_ribbit1
D:8:      wad_arrow_thing, layout_loops_ring
D:9:      layout_cross, uniq_psyche
D:10:     layout_rooms, serial_shops, nicolae_stop_n_shop_1,
          minmay_fractal_squares_5, uniq_grum, uniq_nergalle
D:11:     layout_basic, dpeg_lair_monsters, gammafunk_ghost_hive,
          minmay_microvault
Temple:   zaba_magenta_temple
Lair:1:   layout_hall_layers, gauntlet_entry_generic,
          nicolae_volcano_entry_s_turn, grunt_megastairs_4,
          infiniplex_staircase_pool
Gauntlet: minmay_gauntlet_mixed_big_or_small
          [gammafunk_gauntlet_arena_arrow_garden,
          minmay_gauntlet_arena_77_braids,
          minmay_gauntlet_arena_make_your_own_arena,
          minmay_gauntlet_arena_77_hold_the_fort,
          gammafunk_gauntlet_arena_split_x, minmay_gauntlet_arena_77_mess,
          gauntlet_exit_green]

Notes
Turn   | Place    | Note
-------+----------+-------------------------------------------
     0 | D:1      | kae the Draconian Transmuter began the quest for the Orb.
     0 | D:1      | Reached XP level 1. HP: 16/16 MP: 3/3
     0 | D:1      | magus.rc [v1.11.3]
   337 | D:1      | Reached XP level 2. HP: 23/23 MP: 5/5
  1083 | D:1      | Reached XP level 3. HP: 21/28 MP: 4/6
  1086 | D:1      | Learned a level 2 spell: Wereblood
  1090 | D:1      | Learned a level 3 spell: Spider Form
  1151 | D:2      | Reached skill level 3 in Transmutations
  1328 | D:2      | Reached XP level 4. HP: 27/35 MP: 3/7
  1470 | D:2      | Found a faded altar of an unknown god.
  1717 | D:2      | Reached skill level 4 in Transmutations
  1717 | D:2      | Reached XP level 5. HP: 19/40 MP: 6/9
  1997 | D:3      | Reached skill level 3 in Spellcasting
  2041 | D:3      | Noticed Grinder
  2069 | D:2      | Learned a level 4 spell: Ice Form
  2086 | D:3      | Killed Grinder
  2087 | D:3      | Reached skill level 4 in Unarmed Combat
  2087 | D:3      | Reached skill level 2 in Ice Magic
  2087 | D:3      | Reached XP level 6. HP: 32/47 MP: 7/10
  2472 | D:3      | Found a broken altar of Ashenzari.
  2477 | D:3      | Found a snail-covered altar of Cheibriados.
  2482 | D:3      | Found a stormy altar of Qazlal.
  2530 | D:3      | Noticed Ijyb
  2544 | D:3      | Killed Ijyb
  2590 | D:3      | You pick up a book of Minor Magic and begin reading...
  2590 | D:3      | You add the spells Magic Dart, Call Imp and Mephitic Cloud
                  | to your library.
  2957 | D:3      | Found an ornate altar of the Wu Jian Council.
  3139 | D:4      | You pick up a book of the Wilderness and begin reading...
  3139 | D:4      | You add the spells Summon Forest, Summon Mana Viper and
                  | Summon Cactus Giant to your library.
  3157 | D:4      | Reached skill level 5 in Transmutations
  3167 | D:4      | Your scales start taking on an icy white colour.
  3167 | D:4      | Reached skill level 3 in Ice Magic
  3167 | D:4      | Reached XP level 7. HP: 52/52 MP: 8/12
  3167 | D:4      | Gained mutation: Your flesh is cold resistant. (rC+) [White
                  | Draconian growth]
  3202 | D:4      | Noticed Duvessa
  3206 | D:4      | Noticed Dowan
  3212 | D:4      | Killed Duvessa
  3228 | D:4      | Killed Dowan
  3229 | D:4      | Reached skill level 4 in Ice Magic
  3356 | D:4      | Noticed Natasha
  3382 | D:4      | Killed Natasha
  3435 | D:4      | Noticed Natasha
  3447 | D:4      | Killed Natasha
  3479 | D:4      | Noticed Natasha
  3490 | D:4      | Killed Natasha
  3898 | D:4      | Found a bloodstained altar of Trog.
  3929 | D:4      | Noticed a steam dragon
  3944 | D:4      | Killed a steam dragon
  3945 | D:4      | Reached skill level 4 in Spellcasting
  3945 | D:4      | Reached skill level 6 in Transmutations
  3945 | D:4      | Reached skill level 5 in Ice Magic
  3945 | D:4      | Reached XP level 8. HP: 19/59 MP: 3/14
  4412 | D:4      | Reached skill level 5 in Unarmed Combat
  4413 | D:4      | Found a shimmering blue altar of Sif Muna.
  4581 | D:5      | Entered Level 5 of the Dungeon
  4723 | D:5      | Found Rat Puf's Book Shop.
  4830 | D:5      | Reached skill level 6 in Ice Magic
  4850 | D:5      | Found a basalt altar of Yredelemnul.
  5063 | D:5      | Found a runed translucent door.
  5112 | D:5      | Found a sparkling altar of Nemelex Xobeh.
  5184 | D:5      | Reached skill level 7 in Transmutations
  5385 | D:5      | Found a runed translucent door.
  5489 | D:5      | Found a runed translucent door.
  5490 | D:5      | Noticed Crazy Yiuf
  5580 | D:5      | Reached skill level 7 in Ice Magic
  5668 | D:5      | Killed Crazy Yiuf
  5797 | D:6      | Reached XP level 9. HP: 64/64 MP: 11/16
  5987 | D:6      | Found a staircase to the Ecumenical Temple.
  6003 | Temple   | Entered the Ecumenical Temple
  6091 | Temple   | Became a worshipper of Ru the Awakened
  6098 | D:6      | You add the spells Blink, Manifold Assault and Storm Form
                  | to your library.
  6322 | D:6      | Reached skill level 5 in Spellcasting
  6328 | D:6      | Reached skill level 2 in Dodging
  6328 | D:6      | Reached skill level 6 in Unarmed Combat
  6374 | D:6      | You pick up a book of Scorching and begin reading...
  6374 | D:6      | You add the spells Scorch and Flame Wave to your library.
  6580 | D:6      | Identified a +0 robe of the Archmagi
  6615 | D:6      | Reached skill level 2 in Fighting
  6865 | D:6      | Reached skill level 8 in Transmutations
  7063 | D:7      | Noticed Prince Ribbit
  7077 | D:7      | Killed Prince Ribbit
  7429 | D:7      | You pick up a book of Dreams and begin reading...
  7429 | D:7      | You add the spells Ensorcelled Hibernation and Anguish to
                  | your library.
  7435 | D:7      | Identified the amulet of Paranoia {Regen+ Str+4}
  7457 | D:7      | Reached skill level 3 in Fighting
  7457 | D:7      | Reached skill level 7 in Unarmed Combat
  7529 | D:7      | Reached skill level 3 in Dodging
  7660 | D:7      | Gained mutation: You cannot study or use magical devices.
                  | [Ru sacrifice]
  7660 | D:7      | Reached * piety under Ru
  7660 | D:7      | Reached ** piety under Ru
  8432 | D:8      | Noticed a cyclops
  8444 | D:8      | Reached XP level 10. HP: 50/77 MP: 15/18
  8450 | D:8      | Killed a cyclops
  8482 | D:8      | Reached skill level 9 in Transmutations
  8700 | D:8      | Reached skill level 4 in Fighting
  8700 | D:8      | Reached skill level 6 in Spellcasting
  8832 | D:8      | Reached skill level 8 in Unarmed Combat
  9048 | D:8      | You pick up a book of Vapours and begin reading...
  9048 | D:8      | You add the spells Poisonous Vapours and Cigotuvi's
                  | Dreadful Rot to your library.
  9154 | D:8      | Identified a scroll of acquirement
  9154 | D:8      | Acquired 684 gold pieces
  9243 | D:5      | Bought a book of the Sky for 440 gold pieces
  9243 | D:5      | You pick up a book of the Sky and begin reading...
  9243 | D:5      | You add the spells Summon Lightning Spire and Maxwell's
                  | Capacitive Coupling to your library.
  9298 | D:8      | Learned a level 7 spell: Storm Form
  9332 | D:9      | Noticed Psyche
  9609 | D:9      | You add the spells Kiss of Death, Vampiric Draining, Dispel
                  | Undead and Iron Shot to your library.
  9609 | D:9      | Got Amaed's Lessons on Petrified Maleficent Magic
  9860 | D:9      | Reached skill level 1 in Air Magic
  9979 | D:9      | Killed Psyche
  9980 | D:9      | Reached skill level 4 in Dodging
 10119 | D:9      | You pick up a book of Lightning and begin reading...
 10119 | D:9      | You add the spells Static Discharge, Vhi's Electric Charge,
                  | Lightning Bolt and Arcjolt to your library.
 10199 | D:9      | Found a staircase to the Orcish Mines.
 10214 | D:9      | You pick up a book of Rime and begin reading...
 10214 | D:9      | You add the spells Frozen Ramparts and Summon Ice Beast to
                  | your library.
 10230 | D:9      | Reached skill level 2 in Air Magic
 10304 | D:10     | Entered Level 10 of the Dungeon
 10350 | D:10     | Noticed Grum
 10356 | D:10     | Killed Grum
 10382 | D:10     | Reached XP level 11. HP: 60/85 MP: 20/20
 10406 | D:10     | Reached skill level 3 in Air Magic
 10474 | D:10     | Noticed Nergalle
 10494 | D:10     | Killed Nergalle
 10495 | D:10     | Reached skill level 10 in Transmutations
 10510 | D:10     | Reached skill level 5 in Fighting
 10726 | D:10     | Found Fuegoihi's Armour Boutique.
 11054 | D:11     | Noticed a two-headed ogre
 11068 | D:11     | Killed a two-headed ogre
 11069 | D:11     | Reached skill level 9 in Unarmed Combat
 11069 | D:11     | Noticed a boulder beetle
 11093 | D:11     | HP: 17/105 [boulder beetle (14)]
 11134 | D:11     | Killed a boulder beetle
 11135 | D:11     | Reached skill level 4 in Air Magic
 11332 | D:11     | Noticed a two-headed ogre
 11339 | D:11     | Killed a two-headed ogre
 11398 | D:11     | Found a staircase to the Lair.
 11400 | D:11     | Noticed a death yak
 11400 | D:11     | Noticed a death yak
 11415 | D:11     | Killed a death yak
 11462 | D:11     | Killed a death yak
 11463 | D:11     | Reached skill level 5 in Dodging
 11464 | D:11     | Noticed a death yak
 11481 | D:11     | Killed a death yak
 11482 | D:11     | Reached skill level 7 in Spellcasting
 11482 | D:11     | Reached skill level 5 in Air Magic
 11694 | D:11     | Noticed decrepitude's ghost (journeyman DsMo)
 11698 | D:11     | Noticed an orc knight
 11704 | D:11     | Found a transporter.
 11708 | D:11     | Found a transporter.
 12151 | Lair:1   | Entered Level 1 of the Lair of Beasts
 12225 | Lair:1   | Reached skill level 6 in Fighting
 12250 | Lair:1   | Reached XP level 12. HP: 79/96 MP: 18/22
 12256 | Lair:1   | Found a gate leading to a gauntlet.
 12268 | Gauntlet | Entered a Gauntlet
 12268 | Gauntlet | Found a transporter.
 12268 | Gauntlet | Found a transporter.
 12269 | Gauntlet | Noticed a tengu warrior
 12278 | Gauntlet | Found a transporter.
 12281 | Gauntlet | Found a transporter.
 12289 | Gauntlet | Found a transporter.
 12292 | Gauntlet | Found a transporter.
 12301 | Gauntlet | Found a transporter.
 12314 | Gauntlet | Noticed a quicksilver ooze
 12318 | Gauntlet | Found a transporter.
 12337 | Gauntlet | Found a transporter.
 12338 | Gauntlet | Found a transporter.
 12340 | Gauntlet | Found a runed translucent gate.
 12340 | Gauntlet | Found a runed translucent gate.
 12340 | Gauntlet | Found a runed translucent gate.
 12341 | Gauntlet | Found a large runed translucent door.
 12341 | Gauntlet | Found a large runed translucent door.
 12342 | Gauntlet | Found a large runed translucent door.
 12343 | Gauntlet | Found a large runed translucent door.
 12344 | Gauntlet | Found a large runed translucent door.
 12344 | Gauntlet | Found a large runed translucent door.
 12344 | Gauntlet | Found a runed translucent door.
 12344 | Gauntlet | Found a runed translucent door.
 12345 | Gauntlet | Found a large runed translucent door.
 12346 | Gauntlet | Found a large runed translucent door.
 12348 | Gauntlet | Found a transporter.
 12351 | Gauntlet | Found a transporter.
 12387 | Gauntlet | Found a large runed translucent door.
 12388 | Gauntlet | Found a large runed translucent door.
 12389 | Gauntlet | Found a large runed translucent door.
 12389 | Gauntlet | Found a large runed translucent door.
 12390 | Gauntlet | Found a large runed translucent door.
 12391 | Gauntlet | Found a large runed translucent door.
 12392 | Gauntlet | Found a large runed translucent door.
 12392 | Gauntlet | Found a large runed translucent door.
 12496 | Gauntlet | Reached skill level 11 in Transmutations
 12576 | Gauntlet | Killed a quicksilver ooze
 12577 | Gauntlet | Reached skill level 10 in Unarmed Combat
 12698 | Gauntlet | Identified the +0 helmet of Muesim {Will+}
 12738 | Gauntlet | Noticed a minotaur
 12743 | Gauntlet | HP: 21/115 [minotaur/+0 quarterstaff (24)]
 12744 | Gauntlet | HP: 10/115 [minotaur/+0 quarterstaff (27)]
 12745 | Gauntlet | Slain by a minotaur

Vanquished Creatures
  A quicksilver ooze (Gauntlet)
  2 two-headed ogres (D:11)
  A boulder beetle (D:11)
  3 death yaks (D:11)
  Nergalle (D:10)
  A cyclops (D:8)
  2 cane toads (Lair:1)
  Psyche (D:9)
  2 ice devils (Gauntlet)
  Prince Ribbit (D:7)
  4 trolls (D:11)
  Grinder (D:3)
  A wyvern (D:10)
  A vampire (D:9)
  2 shadows
  5 yaks
  A basilisk (Lair:1)
  Grum (D:10)
  A wraith (D:8)
  3 vampire mosquitoes (D:10)
  5 steam dragons
  3 acid dragons
  5 water moccasins
  Duvessa (D:4)
  2 ice beasts
  2 orc warriors (D:9)
  2 ogres
  12 centaurs
  8 wolves
  2 kobold brigands
  3 gnoll sergeants
  3 bullfrogs
  2 necrophages
  A water moccasin zombie (D:5)
  10 scorpions
  A wyvern zombie (D:5)
  3 wights (D:6)
  Dowan (D:4)
  4 killer bees (D:8)
  An electric eel (Lair:1)
  11 howler monkeys
  2 hounds
  2 orc priests
  4 jellies
  Crazy Yiuf (D:5)
  2 gnoll boudas
  8 orc wizards
  Ijyb (D:3)
  6 iguanas
  3 scorpion zombies (D:5)
  Natasha (thrice) (D:4)
  A howler monkey zombie (D:5)
  12 gnolls
  10 adders
  6 white imps (Gauntlet)
  A dart slug (D:1)
  31 orcs
  11 endoplasms
  9 giant cockroaches
  5 hobgoblins
  4 jackals
  2 quokkas
  7 ball pythons
  10 bats
  2 frilled lizards
  18 goblins
  19 kobolds
  6 rats
  5 butterflies (D:5)
308 creatures vanquished.

Vanquished Creatures (others)
  A cyclops (D:11)
  10 demonic plants (Gauntlet)
  24 fungi
  8 toadstools (D:2)
43 creatures vanquished.

Grand Total: 351 creatures vanquished

Table legend:
 A = Non-vault XP
 B = Vault XP
 C = Vault XP percentage of total XP
 D = Non-vault monster count
 E = Vault monster count
 F = Vault count percentage of total count
                 A         B        C        D         E       F
            +---------+---------+-------+---------+---------+-------
      Total |   13085 |   10924 |  45.5 |     202 |     102 |  33.6
            +---------+---------+-------+---------+---------+-------
        D:1 |      42 |       0 |   0.0 |      20 |       0 |   0.0
        D:2 |     105 |      70 |  40.0 |      21 |      17 |  44.7
        D:3 |      85 |     308 |  78.4 |      17 |       2 |  10.5
        D:4 |     463 |     540 |  53.8 |      17 |      14 |  45.2
        D:5 |     322 |     722 |  69.2 |      10 |      25 |  71.4
        D:6 |    1455 |      15 |   1.0 |      26 |       5 |  16.1
        D:7 |     767 |     286 |  27.2 |      13 |       1 |   7.1
        D:8 |    1043 |    1570 |  60.1 |      16 |      11 |  40.7
        D:9 |    1309 |     286 |  17.9 |      29 |       1 |   3.3
       D:10 |    1487 |    2071 |  58.2 |      13 |      10 |  43.5
       D:11 |    4408 |    3020 |  40.7 |      11 |       6 |  35.3
     Lair:1 |    1599 |     205 |  11.4 |       9 |       1 |  10.0
   Gauntlet |       0 |    1831 | 100.0 |       0 |       9 | 100.0
            +---------+---------+-------+---------+---------+-------

Illustrated notes

Table legend:
 A = Kills in this place as a percentage of kills in entire the game.
 B = Kills by you in this place as a percentage of kills by you in the entire game.
 C = Kills by friends in this place as a percentage of kills by friends in the entire game.
 D = Other kills in this place as a percentage of other kills in the entire game.
 E = Experience gained in this place as a percentage of experience gained in the entire game.
 F = Experience gained in this place divided by the number of levels of this place that you have seen.
                   A       B       C       D       E      F
               +-------+-------+-------+-------+-------+----------------------
         Total | 100.0 | 100.0 |   N/A | 100.0 | 100.0 | 1714.9
       Dungeon |  93.8 |  93.7 |   N/A | 100.0 |  84.9 | 1852.2
          Lair |   3.3 |   3.3 |   N/A |   0.0 |   7.5 | 1804.0
      Gauntlet |   3.0 |   3.0 |   N/A |   0.0 |   7.6 | 1831.0
               +-------+-------+-------+-------+-------+----------------------

Table legend: (Time is in decaauts)
 A = Elapsed time spent in this place.
 B = Non-inter-level travel time spent in this place.
 C = Inter-level travel time spent in this place.
 D = Time resting spent in this place.
 E = Time spent auto-exploring this place.
 F = Levels seen in this place.
 G = Mean time per level.
                   A        B        C        D        E       F      G
               +--------+--------+--------+--------+--------+-----+--------+
         Total |  12676 |  12040 |    636 |    388 |   9170 |  14 |  905.4 |
       Dungeon |  12001 |  11410 |    591 |    388 |   8932 |  11 | 1091.0 |
        Temple |     92 |     89 |      3 |      0 |     66 |   1 |   92.0 |
          Lair |    111 |     69 |     42 |      0 |      0 |   1 |  111.0 |
      Gauntlet |    471 |    471 |      0 |      0 |    172 |   1 |  471.0 |
               +--------+--------+--------+--------+--------+-----+--------+

Top non-repeatable levels by time:
     D:4: 1457 daAuts
     D:5: 1244 daAuts
     D:8: 1229 daAuts
     D:6: 1172 daAuts
     D:7: 1121 daAuts
     D:1: 1118 daAuts
     D:3: 1113 daAuts
    D:11: 1111 daAuts
     D:2: 870 daAuts
     D:9: 851 daAuts
    D:10: 709 daAuts
Gauntlet: 471 daAuts
  Lair:1: 111 daAuts
  Temple: 92 daAuts
